Cogmind - Beta 14 @@@ ROGUE MODE // 2024.09.09 @ 17:01:01 Player: Helstads_dog Result: Self-destructed Performance ------------- Evolutions (2) 1000 Regions Visited (4) 800 Robots Destroyed (88) 440 Value Destroyed (2356) 2356 Prototype IDs (4) 80 Alien Tech Used (0) 0 Bonus (88) 88 TOTAL SCORE: 4764 Bonus ------- High Alert Combat Kills 88 Cogmind --------- Core Integrity 406/550 Matter 300/300 Energy 265/265 System Corruption 0% Temperature Cool (0) Movement Rolling (185) Ox7 Location -8/Materials Parts ------- > --- POWER (1) -------- Improved Ion Engine > --- PROPULSION (2) --- Improved Treads Wheel > --- UTILITY (4) ------ Cooling System High-capacity Storage Unit Medium Armor Plating Hardened Medium Armor Plating > --- WEAPON (4) ------- Particle Gun Particle Gun Assault Rifle Heavy Assault Rifle > --- INVENTORY (20) --- Improved Ion Engine Nuclear Core Light Treads Wheel Wheel Wheel Disposable Heat Sink Medium Matter Pod (100) Signal Interpreter Improved Signal Interpreter Beam Rifle Particle Gun Particle Gun Assault Rifle Light Assault Rifle Heavy Assault Rifle Mini Grenade Launcher Plasma Cutter Scythe Peak State ------------ > --- POWER ------------ Improved Ion Engine > --- PROPULSION ------- Improved Treads Wheel > --- UTILITY ---------- Cooling System High-capacity Storage Unit Hardened Light Armor Plating Hardened Medium Armor Plating > --- WEAPON ----------- Particle Gun Particle Gun Assault Rifle Heavy Assault Rifle > --- INVENTORY -------- Improved Ion Engine Nuclear Core Light Treads Wheel Wheel Compact Wheel Disposable Heat Sink Medium Matter Pod Signal Interpreter Improved Signal Interpreter Medium Armor Plating Beam Rifle Particle Gun Particle Gun Assault Rifle Light Assault Rifle Mini Grenade Launcher Plasma Cutter Scythe [Rating: 23] Favorites ----------- Power Improved Ion Engine Engine Improved Ion Engine Propulsion Wheel Treads Light Treads Leg Aluminum Leg Wheel Wheel Utility High-capacity Storage Unit Device Structural Scanner Storage High-capacity Storage Unit Processor Signal Interpreter Protection Light Armor Plating Weapon Light Assault Rifle Energy Gun Medium Laser Energy Cannon Beam Cannon Ballistic Gun Light Assault Rifle Launcher Mini Grenade Launcher Special Weapon Mining Laser Build | -11 -10 -9 -9 -8 ------- Run | Yrd Mat Mat Min Mat Slots Evolved 4 | . . 2 . 2 Power . | . . . . . Propulsion . | . . . . . Utility 2 | . . . . 2 Weapon 2 | . . 2 . . Parts Attached 75 | . 18 25 18 14 Power 6 | . 2 2 2 . Engine 6 | . 2 2 2 . Core . | . . . . . Reactor . | . . . . . Propulsion 15 | . 5 6 1 3 Treads 9 | . 3 4 1 1 Leg . | . . . . . Wheel 6 | . 2 2 . 2 Hover . | . . . . . Flight . | . . . . . Utility 29 | . 4 10 9 6 Device 8 | . 2 2 3 1 Storage 2 | . 1 1 . . Processor 2 | . 1 1 . . Hackware . | . . . . . Protection 17 | . . 6 6 5 Artifact . | . . . . . Weapon 25 | . 7 7 6 5 Energy Gun 7 | . 1 1 1 4 Energy Cannon 1 | . . 1 . . Ballistic Gun 13 | . 3 5 4 1 Ballistic Cannon . | . . . . . Launcher 1 | . . . 1 . Special Weapon 3 | . 3 . . . Impact Weapon . | . . . . . Slashing Weapon . | . . . . . Piercing Weapon . | . . . . . Special Melee Weapon . | . . . . . Unidentified Prototypes . | . . . . . Parts Lost 4 | . 1 1 . 2 Power . | . . . . . Propulsion 3 | . 1 1 . 1 Utility . | . . . . . Weapon 1 | . . . . 1 Highest Loss Streak 2 | . 1 1 . 2 To Critical Strikes . | . . . . . Average Slot Usage (%) 99 | . 99 99 99 99 Engine 11 | . 14 11 11 9 Treads 10 | . 11 11 11 9 Leg 1 | . 4 . . . Wheel 10 | . 11 10 11 9 Device 5 | . 10 . 4 9 Storage 11 | . 14 11 11 9 Protection 7 | . . 10 6 17 Energy Gun 12 | . 13 11 11 16 Ballistic Gun 25 | . 12 32 32 19 Peak Build Rating 23 | . 10 18 17 23 Average Rating 13 | . 8 13 15 21 On Entrance 10 | 6 6 10 17 14 Naked Turns . | . . . . . Heaviest Build 75 | 12 50 60 63 75 Greatest Support 20 | 20 20 10 10 10 Greatest Overweight (x) 7 | . 4 5 6 7 Average Overweight (x) 4 | . 2 4 5 6 Largest Inventory Capacity 20 | . 20 20 20 20 Average Capacity 19 | . 16 20 20 20 Most Carried 20 | . 17 20 20 20 Average Carried 16 | . 10 18 19 18 Final Capacity 20 | 8 20 20 20 20 Final Carried 20 | 6 16 20 19 19 Class Distribution -------------------- 32% | Scavenger-Tank 27% | Tank 26% | Mutant 12% | Scavenger-Skirmisher Dominant Class ---------------- Mutant | -10/Materials Tank | -9/Materials Scavenger-Skirmisher | -9/Mines Scavenger-Tank | -8/Materials Resources | -11 -10 -9 -9 -8 ----------- Run | Yrd Mat Mat Min Mat Matter Collected 2065 | 200 376 553 430 506 Remotely . | . . . . . Salvage Created 3118 | . 552 1244 358 964 Parts 194 | . 35 73 32 54 Haulers Intercepted . | . . . . . Recyclers Shooed 1 | . 1 . . . Parts Field Recycled . | . . . . . Retrieved Matter . | . . . . . Parts Self-Destructed . | . . . . . Prevented . | . . . . . Kills | -11 -10 -9 -9 -8 ------- Run | Yrd Mat Mat Min Mat Combat Hostiles Destroyed 72 | . 17 22 15 18 Guns 69 | . 17 21 13 18 Cannons 1 | . . 1 . . AOE 2 | . . . 2 . Classes Destroyed 12 | . 5 3 1 3 Worker 3 | . 1 1 . 1 Builder 1 | . . . 1 . Recycler 3 | . . 2 . 1 Mechanic 1 | . . . . 1 Operator 2 | . 1 1 . . Watcher 6 | . 2 3 . 1 Swarmer 26 | . 9 3 11 3 Grunt 29 | . 8 11 2 8 Brawler 2 | . . 1 1 . Duelist 2 | . . . . 2 Sentry 12 | . . 7 1 4 Hunter 1 | . . . . 1 Best Kill Streak 10 | . 3 6 4 10 Combat Bots Only 9 | . 3 5 4 9 Max Kills in Single Turn 2 | . 2 2 2 2 Gunslinging 1 | . 1 . 1 1 Exploded 2 | . . . 2 . Melee . | . . . . . Uniques/NPCs Destroyed . | . . . . . Combat | -11 -10 -9 -9 -8 -------- Run | Yrd Mat Mat Min Mat Hostile Shots Fired 283 | . 76 83 35 89 Missed 77 | . 15 27 7 28 Damage Taken 2560 | . 617 714 267 962 Core 522 | . 153 160 65 144 Absorbed by Shields . | . . . . . Regen/Repaired (Parts) 55 | . 55 . . . Core Remaining (%) 60 | 100 38 . 43 . Volleys Fired 196 | . 76 55 17 48 Largest 4 | . 2 4 4 4 Hottest 173 | . 150 150 131 173 Shots Fired 603 | . 147 215 65 176 Gun 593 | . 142 211 64 176 Cannon 4 | . . 4 . . Launcher 1 | . . . 1 . Special 5 | . 5 . . . Kinetic 389 | . 71 161 48 109 Thermal 213 | . 76 54 16 67 Explosive 1 | . . . 1 . Electromagnetic . | . . . . . Robot Hit Streak 23 | . 11 14 4 23 Robot Miss Streak 7 | . 6 3 7 4 Penetration Max . | . . . . . Secondary Targets 16 | . 2 4 4 6 Max Gunslinging Chain 1 | . 1 1 1 1 Shots Hit Robots 374 | . 91 136 24 123 Core Hits 162 | . 33 61 19 49 Critical Kills 2 | . . . . 2 Critical Parts Destroyed 1 | . 1 . . . Critical Strikes 14 | . 8 4 . 2 Burn 11 | . 7 4 . . Destroy 3 | . 1 . . 2 Melee Attacks . | . . . . . Impact . | . . . . . Slashing . | . . . . . Piercing . | . . . . . Sneak Attacks . | . . . . . Combat Hostiles . | . . . . . Follow-up Attacks . | . . . . . Damage Inflicted 5209 | . 1166 1755 514 1774 Guns 4998 | . 1166 1683 375 1774 Cannons 72 | . . 72 . . Explosions 139 | . . . 139 . Melee . | . . . . . Ramming . | . . . . . Kinetic 3187 | . 588 1248 259 1092 Thermal 1883 | . 578 507 116 682 Explosive 139 | . . . 139 . Electromagnetic . | . . . . . Impact . | . . . . . Slashing . | . . . . . Piercing . | . . . . . Highest Corruption 2 | . 2 . . . Average Corruption 2 | . 2 . . . Corruption Purged . | . . . . . Corruption Blocked . | . . . . . Effects 10 | . 10 . . . Message Errors 3 | . 3 . . . Matter Fused 2 | . 2 . . . Heat Flow Errors 1 | . 1 . . . Energy Discharges 2 | . 2 . . . Data Loss (minor) 1 | . 1 . . . Alerts 1 | . 1 . . . Overload Shots . | . . . . . Overflow Damage . | . . . . . Projectiles . | . . . . . Explosions . | . . . . . Melee . | . . . . . Knockbacks . | . . . . . Impact . | . . . . . Kinetic . | . . . . . Secondary . | . . . . . Self-Inflicted Damage 88 | . . 88 . . Shots 1 | . . 1 . . Rammed . | . . . . . Targets Rammed 1 | . 1 . . . Kicked 1 | . 1 . . . Crushed . | . . . . . Highest Temperature 373 | . 264 373 312 311 Average Temperature 89 | . 46 124 119 76 Received Heat Transfer 813 | . 222 249 36 306 Effects 4 | . . 4 . . Energy Bleed 3 | . . 3 . . Damage (minor) 1 | . . 1 . . Siege Activations . | . . . . . Robots Corrupted . | . . . . . Combat Hostiles . | . . . . . Parts Fried . | . . . . . Impact Corruptions . | . . . . . Robots Melted . | . . . . . Combat Hostiles . | . . . . . Parts Melted 9 | . 4 4 . 1 Heat Transferred 5510 | . 2146 1591 260 1513 Parts Sabotaged . | . . . . . Parts Stolen . | . . . . . Parts Stripped . | . . . . . Power Chain Reactions . | . . . . . Alert | -11 -10 -9 -9 -8 ------- Run | Yrd Mat Mat Min Mat Peak Influence 487 | . 392 460 245 487 Initial 102 | . . 102 62 . Average 176 | . 235 223 84 205 Maximum Alert Level 2 | . 1 2 1 2 Low Security (%) 52 | . 24 41 84 44 Level 1 44 | . 75 50 15 47 Level 2 3 | . . 8 . 7 Level 3 . | . . . . . Level 4 . | . . . . . Level 5 . | . . . . . High Security . | . . . . . Max Security . | . . . . . Squads Dispatched 7 | . 3 2 . 2 Investigation 4 | . 2 1 . 1 Extermination . | . . . . . Reinforcement 3 | . 1 1 . 1 Assault . | . . . . . Garrison . | . . . . . Intercept . | . . . . . Searches Triggered . | . . . . . Construction Impeded . | . . . . . Haulers Reinforced . | . . . . . Active Scanning Responses . | . . . . . Cargo Convoy Interrupts . | . . . . . Stealth | -11 -10 -9 -9 -8 --------- Run | Yrd Mat Mat Min Mat Distress Signals 10 | . 2 5 . 3 Communications Jammed . | . . . . . Distress Signals . | . . . . . Times Spotted 107 | . 32 36 16 23 Peak Tracking Total 6 | . 5 5 4 6 Tactical Retreats 4 | . 2 1 . 1 Traps | -11 -10 -9 -9 -8 ------- Run | Yrd Mat Mat Min Mat Traps Triggered 2 | . 1 1 . . Indirectly . | . . . . . Trap Hack Attempts . | . . . . . Triggered . | . . . . . Disarmed . | . . . . . Reprogrammed . | . . . . . Reused . | . . . . . Traps Extracted . | . . . . . Installed . | . . . . . Triggered . | . . . . . Machines | -11 -10 -9 -9 -8 ---------- Run | Yrd Mat Mat Min Mat Machines Disabled 4 | . 1 2 1 . Max in Single Turn 1 | . 1 1 1 . Machines Repaired . | . . . . . Machines Dismantled . | . . . . . Machines Sabotaged . | . . . . . Overloaded Fab Kills . | . . . . . Hacking | -11 -10 -9 -9 -8 --------- Run | Yrd Mat Mat Min Mat Machines Accessed 21 | . 10 10 . 1 Terminals 16 | . 7 8 . 1 Fabricators . | . . . . . Repair Stations 1 | . 1 . . . Recycling Units 3 | . 2 1 . . Scanalyzers 1 | . . 1 . . Garrison Access . | . . . . . Total Hacks 58 | . 25 31 . 2 Successful 32 | . 12 20 . . Failed 25 | . 12 11 . 2 Catastrophic 7 | . 2 4 . 1 Database Lockouts 1 | . 1 . . . Manual 32 | . 16 14 . 2 Terminals 47 | . 21 24 . 2 Fabricators . | . . . . . Repair Stations 2 | . 2 . . . Recycling Units 3 | . 2 1 . . Scanalyzers 6 | . . 6 . . Garrison Access . | . . . . . Terminal Hacks 15 | . 6 9 . . Robot Analysis 9 | . 5 4 . . Prototype ID Bank 2 | . 1 1 . . Alert Level 1 | . . 1 . . Unreport Threat 3 | . . 3 . . Fabricator Hacks . | . . . . . Repair Station Hacks 2 | . 2 . . . Scan Component 1 | . 1 . . . Repair 1 | . 1 . . . Recycling Unit Hacks 1 | . . 1 . . Report Inventory 1 | . . 1 . . Scanalyzer 6 | . . 6 . . Insert Component 3 | . . 3 . . Analyze 3 | . . 3 . . Garrison Access Hacks . | . . . . . Unauthorized Hacks 7 | . 4 3 . . Terminals 5 | . 2 3 . . Botnet 5 | . 2 3 . . Fabricators . | . . . . . Repair Stations . | . . . . . Recycling Units 2 | . 2 . . . Tunnel 2 | . 2 . . . Scanalyzers . | . . . . . Garrison Access . | . . . . . Data Cores Recovered 1 | . 1 . . . Used . | . . . . . Hacking Detections 17 | . 7 9 . 1 Full Trace Events 2 | . . 1 . 1 Feedback Events . | . . . . . Feedback Blocked . | . . . . . Robot Schematics Acquired . | . . . . . Robots Built . | . . . . . Authchips . | . . . . . Time . | . . . . . Total Robot Build Rating . | . . . . . Part Schematics Acquired 3 | . . 3 . . Parts Built . | . . . . . Authchips . | . . . . . Time . | . . . . . Total Part Build Rating . | . . . . . Parts Repaired 1 | . 1 . . . Time 26 | . 26 . . . Parts Recycled . | . . . . . Recycled Matter . | . . . . . Retrieved Matter . | . . . . . Retrieved Components . | . . . . . Parts Scanalyzed 3 | . . 3 . . Part Schematics Acquired 3 | . . 3 . . Parts Damaged . | . . . . . Bothacking | -11 -10 -9 -9 -8 ------------ Run | Yrd Mat Mat Min Mat Used RIF Installer . | . . . . . Robots Hacked . | . . . . . Non-combat . | . . . . . Combat . | . . . . . Robot Hacks Applied . | . . . . . Relay Couplers Released . | . . . . . Fabnet Peak Effective % . | . . . . . Robots Rewired . | . . . . . Allies Hacked . | . . . . . Hacks Repelled . | . . . . . Allies | -11 -10 -9 -9 -8 -------- Run | Yrd Mat Mat Min Mat Total Allies . | . . . . . Largest Group . | . . . . . Highest-Rated Group . | . . . . . Highest-Rated Ally . | . . . . . Total Orders . | . . . . . Ally Attacks . | . . . . . Total Damage . | . . . . . Kills . | . . . . . Allies Corrupted . | . . . . . Allies Melted . | . . . . . Intel | -11 -10 -9 -9 -8 ------- Run | Yrd Mat Mat Min Mat Robot Analysis Total 9 | . 5 4 . . Derelict Logs Recovered 1 | . . . 1 . Drone Launches . | . . . . . Drone Recoveries . | . . . . . Exploration | -11 -10 -9 -9 -8 ------------- Run | Yrd Mat Mat Min Mat Turns Passed 4680 | . 1229 1324 1614 513 Spaces Moved 2484 | 1 678 681 958 166 Core . | . . . . . Treads . | . . . . . Legs 147 | 1 146 . . . Wheels 2337 | . 532 681 958 166 Hover . | . . . . . Flight . | . . . . . Fastest Speed 95 | 120 95 140 155 170 Average Speed 151 | 120 130 154 158 181 Slowest Speed 185 | 120 140 155 170 185 Overloaded Moves . | . . . . . Propulsion Burnouts . | . . . . . Robots Hopped . | . . . . . Cave-ins Triggered . | . . . . . Exploration Rate (%) 56 | 2 99 62 100 17 Regions Visited 4 Branch Regions 1 Pre-discovered Areas 2 | . 2 . . . Known Exits Taken 2 | . 1 . 1 . Unknown Exits Taken 2 | 1 . 1 . . Scrap Searched 2 | . . . 2 . Spaces Dug 4 | . 4 . . . Terrain Destroyed 42 | . 4 35 3 . Melee . | . . . . . Projectile 4 | . 4 . . . AOE 38 | . . 35 3 . Terrain Rammed . | . . . . . Walls Destroyed . | . . . . . Machines Disabled . | . . . . . Actions | -11 -10 -9 -9 -8 --------- Run | Yrd Mat Mat Min Mat Total 3004 | . 870 847 1016 271 Wait 144 | . 71 49 6 18 Move 2480 | . 677 680 957 166 Hop . | . . . . . Pick Up 53 | . 17 17 5 14 Fast Attach 6 | . 2 2 2 . Attach 25 | . 4 7 3 11 Detach 4 | . . 3 1 . Swap 44 | . 12 16 13 3 Drop 51 | . 10 18 12 11 Fire 196 | . 76 55 17 48 Melee . | . . . . . Ram . | . . . . . Kick 1 | . 1 . . . Crush . | . . . . . Escape Stasis . | . . . . . Rewire . | . . . . . Trap . | . . . . . Miscellaneous . | . . . . . Route ------- -11/Scrapyard -10/Materials (discovered 6 exits: *Mat x3 / [*Min x2] / [Sub]) -9/Materials (discovered 3 exits: *Mat x2 / [*Min]) -9/Mines (discovered 2 exits: *Mat x2) -8/Materials History --------- Turn | Location | Event 1 | -11/Scrapyard | Discovered new exit (range 0) 1 | -11/Scrapyard | Entered Materials 110 | -10/Materials | Discovered new exit (range 10) 283 | -10/Materials | Discovered new exit (range 3) 290 | -10/Materials | Discovered new exit (range 8) 303 | -10/Materials | Build established: Mutant 465 | -10/Materials | Discovered new exit (range 15) 519 | -10/Materials | Discovered new exit (range 15) 840 | -10/Materials | Central database locked down 887 | -10/Materials | Discovered new exit (range 16) 954 | -10/Materials | Repaired Med. Laser 963 | -10/Materials | Identified exit to Materials 1143 | -10/Materials | Core integrity fell below 50% 1230 | -10/Materials | Entered another Materials area 1230 | -9/Materials | Evolved 2 slots: Weapon x2 1534 | -9/Materials | Build established: Tank 1865 | -9/Materials | Discovered new exit (range 9) 2312 | -9/Materials | Discovered new exit (range 8) 2322 | -9/Materials | Identified exit to Materials 2344 | -9/Materials | Build established: Scavenger-Tank 2489 | -9/Materials | Discovered new exit (range 7) 2554 | -9/Materials | Entered Mines 2858 | -9/Mines | Joined a pair of Derelicts in attacking an 0b10 outpost 3067 | -9/Mines | Discovered exit to Materials (range 11) 3144 | -9/Mines | Build established: Tank 3268 | -9/Mines | Discovered exit to Materials (range 11) 3277 | -9/Mines | Core integrity fell below 50% 3310 | -9/Mines | Learned Materials stockpile data 3799 | -9/Mines | Build established: Scavenger-Skirmisher 4168 | -9/Mines | Entered Materials 4168 | -8/Materials | Evolved 2 slots: Utility x2 4576 | -8/Materials | Destroyed 9 combat bots 4612 | -8/Materials | Build established: Scavenger-Tank 4681 | -8/Materials | Self-destructed Last Messages --------------- 04593_ K-01 Serf collects debris. 04598_ K-01 Serf destroyed. 04599_ K-01 Serf collects debris. 04603_ Acquired Particle Gun. 04603_ K-01 Serf collects debris. 04604_ Acquired 8 matter. 04606_ K-01 Serf collects debris. 04609_ K-01 Serf cleans the Electrolysis Chamber. 04610_ K-01 Serf collects debris. 04616_ R-06 Scavenger collects Lgt. Treads. 04617_ K-01 Serf collects debris. 04619_ R-06 Scavenger collects Lgt. Treads. 04621_ K-01 Serf collects debris. 04622_ Acquired Hvy. Assault Rifle. 04623_ R-06 Scavenger collects Hvy. Assault Rifle. 04624_ K-01 Serf collects debris. 04627_ R-06 Scavenger collects Heat Sink. 04653_ G-47 Trooper destroyed. 04653_ K-01 Serf collects debris. 04673_ Acquired 12 matter. Map ----- +----------------------------------------------------+ | ??????????????????????? ???????? ##### #????? | | ??????????????????????# ???????? #????? | | ??????????????????????# ??###??# #????? | | ??????????????????????? ??? ?# #????? | | ??????????????????????? ????" # ###### | | ??????????????????????? ????? # | | ??????????????????????? ?????? +[= | | ??????????????????????? ???????#^! !! [ ^ | | ???????????????????????# ???????#% !! | | ???????????????????????# #??????#![ !! ^ """ ???? | | ???????????????????????# #??????#[[% """ ???? | | ???????????????????????# ########[= """ | | ???????????????????????# #? | | ???????????????????????# | | ???????????????????????# | | ???????????????????????# ###"T"## | | ???????????????????????# #???""#? | | ???????????????????????# %![ #????##? ? | | ???????????????????????# [ [%=* #??????# ? | | ???????????????????????# =!*%[[ ######## #? | | ???????????????????????#*%==*=!! [ + ## #? | | ???????????????????????#[############### ## #? | | ???????????????????????#%#?????????????# ## #? | | ???????????????????????#*#?????????????# ![ ## #? | | ???????????????????????#!#####?????????# ! ## #? | | ???????????????????????# @ #?????????# | ## ## | | ???????????????????? k #?????????# ## % | | ???????????????? #?###?????# ## ## | | ???????????? k #?# ####### ##%#? | | ???????????############# #?# ## % ## #? | | ???????????????????????###+###?# """ ## ## #? | | ???????????????????????????????# "T" ## != ##!## | | ???????????????????????????????# ####+### [ = | | ???????????????????????????????# #= %! ! | | ???????????????????????????????# """%+ ! % ! * | | ???????????????????????????????# """!#! | | ???????????????????????????????# """ ######## | | ???????????????????????????????# #??????##### | | ???????????????????????????????# """ #??????????? | | ???????????????????????????????# """ #??????????? | | ???????????????????????????????# """ #??????????? | | ???????????????????????????????# #??????????? | | ????????????????????????????????######???????????? | | | | | | | | | | | | | | | +----------------------------------------------------+ Best States ------------- Heat Dissipation 53 Coolant Potential 50 Energy Generation 12 Energy Capacity 265 Matter Stores 300 Matter Capacity 300 Sight Range 16 Robot Scan Range 14 Terrain Scan Density 10 Armor Coverage 450 Evasion (%) 55 Recoil Reduction 1 Item Schematics ----------------- Signal Interpreter | -9/Materials | Scanalyzed Structural Scanner | -9/Materials | Scanalyzed Plasma Cutter | -9/Materials | Scanalyzed Robot Schematics ------------------ None Fabricated ------------ Nothing Alien Tech Used ----------------- None Achievements -------------- None Challenges ------------ None Game ------ Seed LinkedCatalystEdition Manual? 0 Play Time 01:04:15 Cumulative 81.5 hours Start 2024.09.08 @ 22:10:09 End 2024.09.09 @ 17:01:01 Sessions 5 Manual Loads 0 Difficulty Rogue Special Mode None Game No. 47 Rogue 47 Adventurer 0 Explorer 0 Win Type - Total 0 Types 0/0/0/0/0/0/0/0/0 Lore% 31 Gallery% 29 Achievement% 33 Wizard Run 0 Options --------- Layout 0 ASCII 0 Keyboard 0 Movement Mouse Keybinds 0 Fullscreen 1 Font 16/SmallcapsGlow Map View 75x55 Zoom Use 84% Tactical HUD 1 Map Filters NONE Filters NONE Steam X RUN: e4e4e7ac-36ac-4ccc-8900-b7ad8696da18